Map: Mech Depot LE

Players

ThetaWaves - Winner!

  • Race: Protoss Protoss
  • League: Diamond
  • Spawn Location: 7:00

Amzinoji

  • Race: Terran Terran
  • League: Diamond
  • Spawn Location: 1:00

VOD

Have the link to the VOD?

Description

Time

  • Played on: Sept. 7, 2017, 3:46 a.m.
  • Length: 15:19
Show
View Real Time Build Order
Export as new Build Order

ThetaWaves Protoss - Winner!

Build Orders:  

Get SALT Encoding   

  12  0:08  Pylon  
  13  0:15  Probe (Chrono Boost)  
  13  0:27  Gateway  
  13  0:31  Probe (Chrono Boost)  
  14  0:37  Assimilator  
  15  0:44  Probe (Chrono Boost)  
  15  0:56  Probe (Chrono Boost)  
  16  1:08  Probe (Chrono Boost)  
  17  1:14  Cybernetics Core  
  17  1:17  Gateway  
  18  1:20  Warp Gate, Probe (Chrono Boost)  
  18  1:27  Pylon  
  18  1:32  Probe (Chrono Boost)  
  19  1:44  Probe (Chrono Boost)  
  20  1:52  Stalker  
  22  1:56  Probe (Chrono Boost)  
  23  2:04  Stalker  
  26  2:08  Probe (Chrono Boost)  
  26  2:20  Probe (Chrono Boost)  
  26  2:22  Stalker  
  30  2:37  Gateway  
  30  2:42  Stalker  
  30  2:43  Pylon  
  31  2:58  Pylon  
  31  3:03  Probe (Chrono Boost)  
  32  3:15  Probe (Chrono Boost)  
  32  3:27  Probe (Chrono Boost)  
  32  3:30  Stalker, Nexus  
  32  3:33  Stalker  
  36  3:39  Probe (Chrono Boost)  
  36  3:40  Assimilator  
  37  3:52  Probe (Chrono Boost)  
  37  3:54  Forge  
  38  3:58  Protoss Ground Armor Level 1  
  39  4:04  Probe (Chrono Boost)  
  39  4:17  Robotics Facility  
  39  4:22  Pylon  
  39  4:23  Pylon  
  39  4:41  Sentry  
  39  4:42  Probe (Chrono Boost)  
  42  4:49  Probe (Chrono Boost)  
  44  4:54  Probe (Chrono Boost)  
  45  5:01  Probe (Chrono Boost)  
  45  5:05  Observer  
  45  5:06  Probe (Chrono Boost)  
  47  5:13  Assimilator, Probe (Chrono Boost)  
  48  5:15  Assimilator  
  48  5:18  Twilight Council, Probe (Chrono Boost)  
  49  5:23  Gateway  
  49  5:25  Gateway, Probe (Chrono Boost)  
  49  5:26  Observer  
  51  5:28  Zealot  
  51  5:30  Probe (Chrono Boost)  
  55  5:37  Probe (Chrono Boost)  
  55  5:42  Probe (Chrono Boost)  
  56  5:48  Observer  
  56  5:49  Probe (Chrono Boost)  
  58  5:53  Pylon  
  58  5:54  Probe (Chrono Boost)  
  58  5:56  Charge  
  59  6:08  Stalker x2  
  59  6:09  Observer  
  59  6:10  Stalker  
  66  6:13  Protoss Ground Armor Level 2  
  66  6:16  Probe (Chrono Boost)  
  66  6:18  Pylon  
  67  6:20  Probe (Chrono Boost)  
  67  6:25  Zealot x2  
  72  6:28  Probe (Chrono Boost)  
  72  6:31  Observer  
  75  6:32  Probe (Chrono Boost)  
  75  6:40  Zealot x3  
  75  6:43  Probe (Chrono Boost)  
  75  6:45  Probe (Chrono Boost)  
  81  7:13  Probe x2 (Chrono Boost)  
  83  7:18  Observer  
  83  7:20  Robotics Bay, Pylon  
  84  7:24  Pylon  
  84  7:26  Pylon, Blink  
  84  7:28  Probe (Chrono Boost)  
  85  7:36  Pylon  
  85  7:39  Immortal  
  85  7:43  Zealot  
  85  7:44  Zealot x4, Observer  
  99  7:55  Photon Cannon  
  99  7:59  Photon Cannon  
  99  8:08  Colossus  
  99  8:14  Nexus  
  99  8:15  Observer  
  105  8:25  Probe (Chrono Boost)  
  106  8:32  Pylon  
  106  8:34  Protoss Ground Armor Level 3  
  106  8:36  Pylon  
  106  8:54  Extended Thermal Lance  
  106  8:55  Zealot x3  
  108  8:56  Zealot, Pylon  
  108  9:02  Probe (Chrono Boost)  
  116  9:04  Probe (Chrono Boost)  
  116  9:08  Warp Prism  
  116  9:14  Probe (Chrono Boost)  
  119  9:18  Zealot x2  
  124  9:24  Probe (Chrono Boost)  
  124  9:26  Probe (Chrono Boost)  
  125  9:39  Zealot x4  
  125  9:43  Probe (Chrono Boost)  
  125  9:45  Pylon  
  134  9:52  Immortal  
  138  10:05  Probe (Chrono Boost)  
  138  10:06  Probe (Chrono Boost)  
  140  10:14  Dark Shrine  
  140  10:16  Nexus  
  140  10:17  Pylon  
  140  10:18  Probe (Chrono Boost)  
  141  10:33  Immortal  
  145  10:38  Pylon  
  145  10:46  Pylon  
  145  10:53  Zealot x4  
  153  11:02  Gateway  
  153  11:04  Observer, Gateway x2  
  153  11:06  Gateway  
  153  11:08  Gateway  
  153  11:09  Gateway  
  153  11:11  Protoss Ground Weapons Level 1  
  153  11:12  Gateway  
  153  11:15  Stargate  
  153  11:16  Observer  
  154  11:23  Stargate  
  154  11:27  Assimilator  
  154  11:29  Assimilator  
  154  11:30  Assimilator  
  154  11:31  Assimilator  
  154  11:34  Photon Cannon  
  154  11:36  Photon Cannon  
  154  12:01  Fleet Beacon  
  154  12:03  Probe x2 (Chrono Boost)  
  154  12:04  Probe x2 (Chrono Boost)  
  160  12:15  Probe x2 (Chrono Boost)  
  160  12:25  Dark Templar x10  
  156  13:05  Stalker  
  156  13:06  Stalker x11  
  174  13:29  Archon x2  
  152  13:43  Zealot  
  152  13:44  Zealot x11  
  124  14:04  Dark Templar x4  
  124  14:05  Dark Templar x8  
  124  14:09  Archon x6  
  144  14:10  Archon  
  144  14:13  Probe x4 (Chrono Boost)  
  148  14:35  Photon Cannon  
  148  14:38  Photon Cannon  
  148  14:40  Photon Cannon  
  154  14:52  Zealot x6  
  162  14:53  Zealot  
  150  15:10  Zealot  
Show
View Real Time Build Order
Export as new Build Order

Amzinoji Terran 

Build Orders: Liberator Opening, Mech 

Get SALT Encoding   

  12  0:00  SCV  
  13  0:13  SCV  
  14  0:17  Supply Depot  
  14  0:25  SCV  
  15  0:39  SCV  
  15  0:40  Barracks  
  16  0:47  Refinery  
  16  0:51  SCV  
  17  1:03  SCV  
  18  1:05  Supply Depot  
  18  1:15  SCV  
  19  1:27  Marine  
  19  1:28  Orbital Command  
  20  1:45  Marine  
  21  1:54  Factory  
  21  1:55  SCV  
  22  2:03  Marine  
  22  2:07  Refinery  
  22  2:08  SCV  
  24  2:21  Marine  
  25  2:23  SCV  
  26  2:35  SCV  
  27  2:39  Marine  
  27  2:42  Starport  
  28  2:45  Factory Tech Lab  
  28  2:54  Command Center  
  28  2:57  Marine  
  28  3:15  Marine  
  28  3:18  Siege Tank  
  31  3:23  Liberator  
  30  3:31  Bunker  
  30  3:33  Marine  
  34  3:50  Marine  
  35  4:08  Factory, Marine  
  36  4:22  Orbital Command  
  36  4:39  Orbital Command  
  36  4:44  Refinery  
  36  4:46  Starport Reactor  
  36  4:51  SCV  
  36  5:05  Liberator  
  36  5:06  Liberator  
  35  5:08  Factory Reactor  
  35  5:09  Siege Tank  
  35  5:13  SCV x2  
  40  5:25  SCV x2  
  48  5:34  Refinery  
  48  5:37  SCV x2  
  48  5:41  Supply Depot x2  
  50  5:58  SCV x2  
  52  6:07  Siege Tank, Cyclone x2  
  61  6:12  SCV x2  
  63  6:24  SCV x2  
  65  6:29  Armory  
  65  6:39  Hellion x2  
  69  6:43  SCV  
  70  7:04  SCV  
  70  7:06  Cyclone  
  68  7:10  Hellion  
  70  7:18  Infernal Pre-Igniter, Supply Depot  
  70  7:19  Supply Depot x2  
  70  7:20  Command Center  
  70  7:31  Hellion, SCV x2  
  70  7:36  Armory  
  74  7:38  Liberator x2  
  74  7:43  Factory  
  74  7:49  SCV x2  
  76  7:53  Siege Tank  
  85  8:00  Cyclone  
  85  8:04  Cyclone  
  91  8:09  SCV x2  
  93  8:19  Terran Vehicle And Ship Armor Level 1  
  93  8:27  Engineering Bay  
  93  8:29  Factory Tech Lab  
  93  8:32  Terran Vehicle Weapons Level 1  
  93  8:48  Thor  
  99  8:49  Hellbat x2  
  99  8:53  Supply Depot  
  99  8:55  Orbital Command  
  103  9:01  Thor  
  109  9:06  Sensor Tower  
  109  9:21  Building Armor  
  109  9:33  Orbital Command  
  109  9:58  Hellbat x4  
  117  10:01  SCV x3  
  120  10:13  SCV  
  121  10:14  Terran Vehicle And Ship Armor Level 2, Factory  
  121  10:18  Refinery x2  
  121  10:22  Starport  
  121  10:23  Factory  
  121  10:27  Terran Ship Weapons Level 1  
  121  10:32  Viking x2  
  125  10:36  Hellbat  
  125  10:37  Hellbat  
  129  10:47  Hellbat x2  
  133  11:00  Factory Reactor, Supply Depot  
  133  11:01  Supply Depot  
  133  11:02  Starport Reactor  
  133  11:06  Factory Tech Lab  
  133  11:12  Supply Depot  
  133  11:21  SCV x3  
  133  11:24  Supply Depot  
  136  11:25  Supply Depot  
  136  11:31  Sensor Tower  
  136  11:33  SCV x3  
  136  11:36  Supply Depot  
  136  11:38  Hi-Sec Auto Tracking  
  139  11:41  Command Center  
  139  11:49  Thor x2  
  139  11:51  Thor  
  157  12:23  Terran Vehicle Weapons Level 2  
  157  12:26  SCV x2  
  159  12:33  Hellbat x4  
  159  12:34  Thor x2  
  159  12:36  Hellbat  
  177  12:54  Hellbat x2  
  177  12:55  Hellbat x2  
  108  13:57  Siege Tank, Hellbat x6  
  108  14:01  Liberator x2  
  108  14:02  Liberator x2  
  89  14:09  Command Center  
  73  14:18  Siege Tank x2, Hellbat x3  
  73  14:23  Missile Turret  
  97  14:29  Siege Tank  
  100  14:44  Missile Turret  
  100  14:46  SCV x2  
  103  14:58  SCV  
Tags
 
Composition
Mech
Matchup
PvT
Spawn Locations
Cross Positions
Add a new tag
Caveats
  • Supply blocks, unpowered buildings, or Contaminate may cause inaccurate times.
  • Supply counts are checked every 10 seconds.